 Dungeon Crawl Stone Soup version 0.17.0-28-g6e173f8 (webtiles) character file.

49 dohliylev the Ruffian (level 3, 0/37 HPs)
             Began as a Troll Berserker on Nov 22, 2015.
             Was a Believer of Trog.
             Slain by Sigmund
             ... wielding a +0 scythe
              (7 damage)
             ... on level 2 of the Dungeon.
             The game lasted 00:10:18 (1538 turns).

dohliylev the Ruffian (Troll Berserker)             Turns: 1538, Time: 00:10:18

Health: 0/37       AC:  5    Str: 26    XL:     3   Next: 51%
Magic:  2/2        EV: 12    Int:  3    God:    Trog [**....]
Gold:   68         SH:  0    Dex:  9    Spells: 0 memorised, 2 levels left

rFire  . . .     SeeInvis .       - Unarmed
rCold  . . .     Clarity  .     a - +0 animal skin
rNeg   . . .     SustAt   .     (no shield)
rPois  .         Gourm    +     (helmet restricted)
rElec  .         Spirit   .     (no cloak)
rCorr  .         Warding  .     (gloves unavailable)
rMut   .         Stasis   .     (boots unavailable)
MR     ++...                    (no amulet)
Stlth  +.........               (no ring)
                                f - +2 ring of evasion

@: regenerating, very resistant to hostile enchantments, very unstealthy
A: unfitting armour, claws 3, fast metabolism 3, gourmand, regeneration 2,
shaggy fur 1, tough skin 2
a: Berserk, Trog's Hand, Burn Spellbooks, Renounce Religion


You were on level 2 of the Dungeon.
You worshipped Trog.
Trog was pleased with you.
You were not hungry.

You visited 1 branch of the dungeon, and saw 3 of its levels.

You collected 68 gold pieces.

Inventory:

Missiles
 c - 18 arrows
 d - 14 poisoned bolts
 t - 2 needles of sleeping
 v - 18 bolts
Armour
 a - a +0 animal skin (worn)
Jewellery
 f - a +2 ring of evasion (left claw)
 w - an uncursed ring of positive energy {unknown}
Scrolls
 e - a scroll of fear {unknown}
 k - a scroll of identify {unknown}
 l - a scroll of recharging {unknown}
 q - 3 scrolls of enchant weapon {unknown}
 r - a scroll of immolation {unknown}
 s - a scroll of teleportation {unknown}
 u - a scroll of random uselessness {unknown}
Potions
 g - 3 potions of cancellation
 h - a potion of curing {unknown}
 j - a potion of beneficial mutation {unknown}
 n - a potion of heal wounds {unknown}
 p - a potion of haste {unknown}
Comestibles
 b - 6 bread rations
 i - 2 slices of pizza
 m - 4 chunks of flesh
 o - a meat ration


   Skills:
 + Level 3.0 Fighting
 + Level 3.0 Dodging
 * Level 3.4 Unarmed Combat


You had 2 spell levels left.
You didn't know any spells.

Dungeon Overview and Level Annotations

Branches:
Dungeon (3/15)

Altars:

Annotations:
D:2 Sigmund


Innate Abilities, Weirdness & Mutations

You are too large for most types of armour.
You have claws for hands.
Your metabolism is lightning-fast.
You like to eat raw meat.
You heal very quickly.
You are covered in fur (AC +1).
You have very tough skin (AC +2).


Message History

The magic dart hits you!
You claw Sigmund!
Sigmund is heavily wounded.
Sigmund hits you but does no damage.
You're too confused!
You bump into the rock wall.
You're too confused!
You bump into the rock wall.
Sigmund hits you with a scythe!
* * * LOW HITPOINT WARNING * * *
You're too confused!
It was a potion of cancellation.
Your magical effects are unravelling.
You feel magically purged.
You feel less confused. Sigmund barely misses you.
Your skin crawls.
You feel resistant to hostile enchantments.
You feel slightly more hungry.
Sigmund hits you from afar with a scythe!
You die...

........# #.........#.#
.##.###.###################.#
..#.# #.....................#
#.#.#########################
#........... ##..############
# #..# #.......# ...
##..####.......#####.....
...>............@.@......
..#.####.......#####.....
..#.# ######### ### ..#.#
..#.# . #.# #.# #.#


You could see Sigmund.

Vanquished Creatures
  An adder (D:2)
  2 worms (D:2)
  A giant gecko (D:2)
  3 giant cockroaches
  6 goblins
  6 hobgoblins
  6 bats
  3 giant newts (D:1)
  3 kobolds
  6 rats
37 creatures vanquished.

Notes
Turn   | Place    | Note
--------------------------------------------------------------
     0 | D:1      | dohliylev the Troll Berserker began the quest for the Orb.
     0 | D:1      | Reached XP level 1. HP: 22/22 MP: 0/0
     6 | D:1      | Noticed a basilisk
     6 | D:1      | Noticed a queen ant
     7 | D:1      | Noticed a centaur
   143 | D:1      | Reached XP level 2. HP: 29/29 MP: 1/1
   971 | D:2      | Reached XP level 3. HP: 32/36 MP: 2/2
   985 | D:2      | Reached ** piety under Trog
  1523 | D:2      | Noticed Sigmund
  1538 | D:2      | Slain by Sigmund

Action                   || total
-------------------------++-------
Melee: Unarmed           ||   100
Invok: Trog's Hand       ||     1
  Use: Potion            ||     1
  Eat: Chunk             ||    11
